 Dungeon Crawl Stone Soup version 0.21.1-1-g345015f (webtiles) character file.

1235 letownia2 the Chiller (level 8, -3/87 HPs)
             Began as a Merfolk Ice Elementalist on Feb 15, 2018.
             Was a Believer of Cheibriados.
             Slain by a killer bee (5 damage)
             ... on level 7 of the Dungeon.
             The game lasted 00:21:03 (2550 turns).

letownia2 the Chiller (Merfolk Ice Elementalist)    Turns: 2550, Time: 00:21:04

Health: -3/87      AC: 24    Str: 12    XL:     8   Next: 49%
Magic:  3/13       EV:  2    Int: 20    God:    Cheibriados [**....]
Gold:   281        SH:  0    Dex: 24    Spells: 4/14 levels left

rFire    x . .     SeeInvis .   b - +0 lajatang
rCold    + . .     Gourm    .   (shield currently unavailable)
rNeg     + + +     Faith    .   (armour currently unavailable)
rPois    +         Spirit   .   (helmet currently unavailable)
rElec    .         Reflect  .   (cloak currently unavailable)
rCorr    .         Harm     .   (gloves currently unavailable)
MR       .....     NoTele   +   (boots currently unavailable)
Stlth    ++++......             (no amulet)
HPRegen  0.24/turn              A - ring of ice
MPRegen  0.13/turn              (no ring)

@: agile, tree-form (expiring), very slightly contaminated, hasted, invisible
A: (change form in water), (swift swim), (stealthy swim)
a: Bend Time, Renounce Religion


You were on level 7 of the Dungeon.
You worshipped Cheibriados.
Cheibriados was pleased with you.
You were not hungry.
You were a tree.
You visited 2 branches of the dungeon, and saw 8 of its levels.

You collected 281 gold pieces.

Inventory:

Hand Weapons
 a - a +0 spear
 b - a +0 lajatang (weapon)
 c - a +0 blowgun
 u - a +2 dagger of chaos
Missiles
 e - 31 bolts
 r - 22 poisoned needles
 B - 2 tomahawks (quivered)
Armour
 f - a +0 cloak (melded)
 p - a +0 helmet (melded)
 t - a +0 buckler
 v - a +0 leather armour (melded)
 E - a +0 pair of gloves (melded)
Jewellery
 A - a ring of ice (left branch)
Scrolls
 d - 5 scrolls of identify
 g - 2 scrolls of magic mapping
 j - 2 scrolls of teleportation
 o - 2 scrolls of enchant armour {unknown}
 w - a scroll of remove curse
 y - a scroll of enchant weapon {unknown}
 C - a scroll of acquirement {unknown}
Potions
 i - a potion of brilliance
 l - a potion of curing
 m - a potion of agility
 q - 2 potions of degeneration
 x - a potion of magic
Books
 D - a book of Frost

   Spells                             Type                      Level
   a - Freeze                         Ice                          1
   b - Throw Frost                    Conjuration/Ice              2
   c - Ozocubu's Armour               Charms/Ice                   3
   d - Throw Icicle                   Conjuration/Ice              4
   e - Summon Ice Beast               Ice/Summoning                4
Comestibles
 n - 3 chunks of flesh
 s - 9 rations


   Skills:
 + Level 3.5 Fighting
 + Level 1.6 Armour
 + Level 4.9 Dodging
 - Level 2.1 Stealth
 + Level 3.9 Spellcasting
 - Level 0.7 Conjurations
 - Level 2.2 Charms
 - Level 3.0 Summonings
 - Level 7.0 Ice Magic
 - Level 2.1 Invocations


You had 4 spell levels left.
You knew the following spells:

 Your Spells              Type           Power        Failure   Level  Hunger
a - Freeze                Ice            ####         1%          1    None
f - Throw Frost           Conj/Ice       ####..       4%          2    ##.....
i - Summon Ice Beast      Ice/Summ       #####...     16%         4    ####...
o - Ozocubu's Armour      Chrm/Ice       ####....     6%          3    ###....


Dungeon Overview and Level Annotations

Branches:
Dungeon (7/15)             Temple (1/1) D:4

Altars:
Ashenzari
Cheibriados
Gozag
Kikubaaqudgha
Makhleb
Nemelex Xobeh
Okawaru
Trog
Vehumet
Xom
Yredelemnul

Shops:
D:4 *


Message History

Your ice beast barely misses the killer bee.
The hound completely misses you. The killer bee stings your ice beast.
The killer bee stings you but does no damage.
You are very lightly contaminated with residual magic.
Unknown command.
Unknown command.
It was a potion of haste.
You feel yourself speed up.
Cheibriados forgives your accidental hurry, just this once.
The killer bee stings your ice beast. The killer bee stings your ice beast!
The hound bites you but does no damage.
The killer bee stings you but does no damage.
Your ice beast hits the killer bee.
Your ice beast freezes the killer bee!
The killer bee dies!
Cheibriados thoroughly appreciates the change of pace.
The killer bee stings your ice beast.
The two-headed ogre hits you with a giant club.
* * * LOW HITPOINT WARNING * * *
The two-headed ogre hits you but does no damage.
The killer bee stings you.
You die...

#..... ##......##
.... ##........##
#..# ###..........##
#..###.............#
#..................
#..................
##................#
#hyY.)...........#
#♣†y.............#
##Os.........<...#
#...............#
#...............#
##..##.......^..#
#..###.........#
#..# ###.......#
.... ###...#.. ....#
######.


You could see a two-headed ogre, a hound, 2 killer bees, a giant cockroach and a
friendly ice beast.

Vanquished Creatures
  A sky beast (D:6)
  2 black bears (D:6)
  An ice beast (D:7)
  A phantom (D:7)
  An ogre (D:7)
  2 bullfrogs
  A scorpion (D:7)
  A crimson imp (D:4)
  2 jellies (D:6)
  2 orc wizards (D:6)
  A centaur skeleton (D:6)
  2 hounds
  Terence (D:3)
  2 worker ants
  A hound zombie (D:6)
  2 worker ant zombies
  A howler monkey zombie (D:7)
  3 adders
  A shadow imp (D:6)
  3 dart slugs
  2 leopard geckos
  5 orcs
  A ball python (D:3)
  3 bats
  5 giant cockroaches
  2 hobgoblins
  6 jackals
  3 kobolds
  4 quokkas
  A frilled lizard (D:1)
  3 goblins
  A jackal zombie (D:7)
  A leopard gecko zombie (D:6)
  2 rats
70 creatures vanquished.

Vanquished Creatures (collateral kills)
  3 killer bees (D:7)
3 creatures vanquished.

Grand Total: 73 creatures vanquished

Notes
Turn   | Place    | Note
-------+----------+-------------------------------------------
     0 | D:1      | letownia2 the Merfolk Ice Elementalist began the quest for the Orb.
     0 | D:1      | Reached XP level 1. HP: 13/13 MP: 3/3
   214 | D:2      | Reached XP level 2. HP: 18/19 MP: 0/5
   225 | D:2      | Reached skill level 4 in Ice Magic
   536 | D:3      | Learned a level 2 spell: Throw Frost
   582 | D:3      | Reached XP level 3. HP: 15/24 MP: 3/6
   603 | D:3      | Learned a level 3 spell: Ozocubu's Armour
   644 | D:3      | Noticed Terence
   715 | D:4      | Found Gozag's Platinum Reserve.
   721 | D:4      | Found a staircase to the Ecumenical Temple.
   721 | D:4      | Found an opulent altar of Gozag.
   729 | Temple   | Entered the Ecumenical Temple
   769 | Temple   | Became a worshipper of Cheibriados the Contemplative
   809 | D:4      | Noticed a bullfrog
   817 | D:4      | Killed a bullfrog
   817 | D:4      | Reached skill level 5 in Ice Magic
   817 | D:4      | Reached XP level 4. HP: 26/30 MP: 0/7
   946 | D:3      | Killed Terence
   946 | D:3      | Reached skill level 1 in Fighting
   946 | D:3      | Reached XP level 5. HP: 23/37 MP: 0/8
  1184 | D:4      | Found a burning altar of Makhleb.
  1191 | D:4      | Found a shimmering altar of Xom.
  1270 | D:4      | Found an iron altar of Okawaru.
  1352 | D:5      | Entered Level 5 of the Dungeon
  1371 | D:5      | Found an ancient bone altar of Kikubaaqudgha.
  1473 | D:5      | Noticed a phantom
  1531 | D:5      | Reached XP level 6. HP: 18/44 MP: 9/9
  1613 | D:6      | Reached * piety under Cheibriados
  1808 | D:6      | Reached skill level 1 in Invocations
  1889 | D:6      | Learned a level 4 spell: Summon Ice Beast
  1908 | D:6      | Noticed a black bear
  2022 | D:6      | Reached XP level 7. HP: 49/50 MP: 9/11
  2057 | D:6      | Reached skill level 1 in Summonings
  2057 | D:6      | Reached skill level 6 in Ice Magic
  2231 | D:7      | Reached skill level 7 in Ice Magic
  2283 | D:7      | Reached XP level 8. HP: 51/57 MP: 8/12
  2340 | D:7      | Reached skill level 1 in Armour
  2424 | D:6      | Reached ** piety under Cheibriados
  2533 | D:7      | Noticed a two-headed ogre
  2550 | D:7      | HP: 2/87 [two-headed ogre/giant club (6)]
  2550 | D:7      | Slain by a killer bee

Skill      XL: |  1  2  3  4  5  6  7  8 |
---------------+-------------------------+-----
Ice Magic      | 4 5 7 |  7.0
Charms         | 2 |  2.2
Fighting       | 1 2 3 |  3.5
Dodging        | 3 4 |  4.9
Invocations    | 2 |  2.1
Spellcasting   | 3 |  3.9
Summonings     | 3 |  3.0
Armour         | 1 |  1.6
Stealth        | |  2.1
Conjurations   | |  0.7

Action                   |  1- 3 |  4- 6 |  7- 9 || total
-------------------------+-------+-------+-------++-------
Melee: Unarmed           |    32 |       |       ||    32
       Spear             |     2 |    64 |     6 ||    72
       Lajatang          |       |       |    85 ||    85
Throw: Tomahawk          |       |    13 |     4 ||    17
 Cast: Freeze            |    44 |    43 |    27 ||   114
       Throw Frost       |       |     4 |       ||     4
       Ozocubu's Armour  |       |       |     7 ||     7
       Summon Ice Beast  |       |       |     2 ||     2
Invok: Bend Time         |       |     1 |       ||     1
  Use: Scroll            |       |     9 |       ||     9
       Potion            |       |       |     6 ||     6
 Stab: Sleeping          |       |     2 |       ||     2
  Eat: Chunk             |       |     5 |     2 ||     7
Armor: Robe              |    13 |       |       ||    13
       Ring mail         |     3 |    33 |       ||    36
       Leather armour    |       |     1 |    58 ||    59
       Skin              |       |       |    59 ||    59
Dodge: Dodged            |    55 |    53 |    98 ||   206
